 Dungeon Crawl Stone Soup version 0.24-a0-630-g0d56a85 (webtiles) character file.

Game seed: 15283144529155594938, levelgen mode: deterministic

82 schets the Covered (level 4, 0/42 HPs)
             Began as a Deep Dwarf Fighter on Sept 7, 2019.
             Slain by a big kobold
             ... wielding a +0 short sword
              (2 damage)
             ... in a sewer on Sept 19, 2019.
             The game lasted 00:03:27 (1569 turns).

schets the Covered (Deep Dwarf Fighter)             Turns: 1569, Time: 00:03:27

Health: 0/42       AC:  7    Str: 21    XL:     4   Next: 21%
Magic:  4/4        EV:  8    Int:  8    God:
Gold:   72         SH:  9    Dex: 12    Spells: 3/3 levels left

rFire    . . .     SeeInvis .   a - +0 war axe
rCold    . . .     Gourm    .   c - +0 shield
rNeg     . . .     Faith    .   b - +0 scale mail
rPois    .         Spirit   .   (no helmet)
rElec    .         Reflect  .   (no cloak)
rCorr    .         Harm     .   (no gloves)
MR       .....                  (no boots)
Stlth    ..........             (no amulet)
HPRegen  0.00/turn              (no ring)
MPRegen  0.09/turn              (no ring)

@: lethally poisoned (0 -> 0), non-regenerating
A: damage resistance, heal wounds, sense surroundings 1, no regeneration
a: Heal Wounds


You were in a sewer.
You were hungry.

You visited 1 branch of the dungeon, and saw 3 of its levels.
You also visited: Sewer.

You collected 72 gold pieces.

Inventory:

Hand Weapons
 a - a +0 war axe (weapon)
Armour
 b - a +0 scale mail (worn)
 c - a +0 shield (worn)
Scrolls
 e - a scroll of noise {unknown}
 i - 2 scrolls of remove curse {unknown}
 j - a scroll of blinking {unknown}
 k - 3 scrolls of immolation {unknown}
 o - a scroll of fog {unknown}
 q - a scroll of identify {unknown}
 r - a scroll of teleportation {unknown}
Potions
 d - a potion of might
 h - 2 potions of haste {unknown}
 l - a potion of invisibility {unknown}
 m - a potion of mutation {unknown}
 n - a potion of degeneration {unknown}
 p - a potion of ambrosia {unknown}
 s - 2 potions of flight {unknown}
 t - a potion of brilliance {unknown}
Comestibles
 f - 5 rations
 g - 6 chunks of flesh


   Skills:
 * Level 3.4 Fighting
 * Level 3.3 Axes
 + Level 3.7 Armour
 + Level 1.5 Dodging
 - Level 3.2 Shields


You had 3 spell levels left.
You didn't know any spells.
Your spell library was empty.

Dungeon Overview and Level Annotations

Branches:
Dungeon (3/15)              Sewer (1/1)

Altars:
Ashenzari
Wu Jian
The Shining One


Innate Abilities, Weirdness & Mutations

You are resistant to damage.
You can heal yourself by infusing magical energy.
You passively map a small area around you.
You do not regenerate.


Message History

You are poisoned.
The kobold hits you.
You hit the big kobold but do no damage.
The big kobold is heavily wounded.
You hit the big kobold but do no damage.
You barely miss the kobold.
The big kobold hits you but does no damage.
You block the big kobold's attack. The kobold hits you.
Unknown command.
You slash the big kobold!
The big kobold is almost dead.
You barely miss the big kobold. You hit the kobold.
You kill the kobold!
You block the big kobold's attack.
The big kobold hits you with a +4 short sword of venom.
* * * LOW HITPOINT WARNING * * *
You are more poisoned.
You block the big kobold's attack.
The big kobold hits you with a +0 short sword.
You die...

######
#..?!#
#.∩..# ,
#....# , ≈
#.(KK# ≈
##'@## ≈≈
≈≈#≈≈..###
#≈≈≈...#
≈#≈.≈...## ,
≈ ≈
≈#.......# ≈
#P.....P# ,
#≈....(.# *
≈#P≈≈....##
,
≈≈#≈≈≈.....#


You could see 2 big kobolds.

Vanquished Creatures
  A river rat (D:3)
  An ooze (Sewer)
  2 worms
  2 leopard geckos
  2 ball pythons
  4 giant cockroaches
  6 goblins
  9 hobgoblins
  5 jackals
  6 kobolds
  A quokka (D:2)
  6 bats
  5 frilled lizards
  9 rats
59 creatures vanquished.

Notes
Turn   | Place    | Note
-------+----------+-------------------------------------------
     0 | D:1      | schets the Deep Dwarf Fighter began the quest for the Orb.
     0 | D:1      | Reached XP level 1. HP: 20/20 MP: 1/1
   314 | D:1      | Reached XP level 2. HP: 22/27 MP: 2/2
   327 | D:1      | Upgraded the game from 0.24-a0-586-g8e0e932 to
                  | 0.24-a0-630-g0d56a85
   616 | D:2      | Reached skill level 1 in Dodging
   621 | D:2      | Reached XP level 3. HP: 22/34 MP: 3/3
   742 | D:2      | Found a faded altar of an unknown god.
   830 | D:2      | Found a glowing golden altar of the Shining One.
   836 | D:2      | Found an ornate altar of the Wu Jian Council.
   839 | D:2      | Found a shattered altar of Ashenzari.
  1405 | D:3      | Found a glowing drain.
  1413 | D:3      | Reached XP level 4. HP: 21/42 MP: 4/4
  1426 | Sewer    | Entered a sewer
  1563 | Sewer    | Noticed a big kobold
  1563 | Sewer    | Noticed a big kobold
  1569 | Sewer    | HP: 2/42 [big kobold/+4 short sword of venom (5)]
  1569 | Sewer    | Slain by a big kobold

Levels and vault maps discovered:
D:1:      minmay_arrival_checkered_box, layout_rooms, interstate_on_off
D:2:      layout_rooms, grunt_temple_overflow_diamond,
          chequers_ecumenical_altar_island, nicolae_underground_beach
D:3:      layout_loops_ring, first_ration, portal_sewer_entry_a
Sewer:    kennysheep_pipe_town

Skill      XL: |  1  2  3 |
---------------+----------+-----
Fighting       | 3 |  3.4
Dodging        | 1 |  1.5
Axes           | 3 |  3.3
Armour         | |  3.7
Shields        | |  3.2

Action                   |  1- 3 |  4- 6 || total
-------------------------+-------+-------++-------
Melee: War axe           |   131 |    32 ||   163
  Eat: Chunk             |     1 |     1 ||     2
Armor: Scale mail        |    71 |    15 ||    86
Dodge: Dodged            |    51 |    12 ||    63
Block: Shield            |    68 |    29 ||    97

Table legend:
 A = Non-vault XP
 B = Vault XP
 C = Vault XP percentage of total XP
 D = Non-vault monster count
 E = Vault monster count
 F = Vault count percentage of total count
                 A         B        C        D         E       F
            +---------+---------+-------+---------+---------+-------
      Total |      80 |      38 |  32.2 |      44 |      15 |  25.4
            +---------+---------+-------+---------+---------+-------
        D:1 |      27 |       0 |   0.0 |      17 |       0 |   0.0
        D:2 |      36 |       0 |   0.0 |      19 |       0 |   0.0
        D:3 |      17 |      17 |  50.0 |       8 |       3 |  27.3
      Sewer |       0 |      21 | 100.0 |       0 |      12 | 100.0
            +---------+---------+-------+---------+---------+-------
